 Dungeon Crawl Stone Soup version 0.19-a0-459-gb8ed64d (webtiles) character file.

129932 epen the Bewitcher (level 16, 0/83 HPs)
             Began as a Spriggan Enchanter on June 1, 2016.
             Was the Champion of Dithmenos.
             Shot with an arrow by Nessos (1 damage)
             ... on level 15 of the Dungeon on June 2, 2016.
             The game lasted 02:18:40 (40533 turns).

epen the Bewitcher (Spriggan Enchanter)            Turns: 40533, Time: 02:18:43

Health: 0/83       AC:  9    Str:  7    XL:     16   Next: 51%
Magic:  23/39      EV: 24    Int: 22    God:    Dithmenos [******]
Gold:   1435       SH:  0    Dex: 15    Spells: 9 memorised, 9 levels left

rFire  + + .     SeeInvis +     j - +1 short sword (elec)
rCold  . . .     Gourm    .     b - +2 robe of Bycsiete {rElec rPois rC- Dex-3}
rNeg   . . .     Faith    .     (shield restricted)
rPois  +         Spirit   .     f - +2 hat
rElec  +         Dismiss  .     G - +2 cloak
rCorr  .         Reflect  .     (gloves unavailable)
SustAt .         Harm     .     (boots unavailable)
MR     ++...     Clarity  +     P - amulet of rage
Stlth  ++++++++++               Z - ring of flight
                                I - ring "Igitwu" {+Fly rF++ MP+9 Str+3}

@: lethally poisoned (0 -> -1), very slightly contaminated, wreathed by umbra,
very quick, very resistant to hostile enchantments, uncannily stealthy
A: unfitting armour, see invisible, clarity, cold resistance 1, herbivore 3,
speed 3, low mp 1, slow metabolism 2
a: Shadow Step, Shadow Form, Renounce Religion, Evoke Berserk Rage, Evoke Flight


You were on level 15 of the Dungeon.
You worshipped Dithmenos.
Dithmenos was exalted by your worship.
You were not hungry.

You visited 4 branches of the dungeon, and saw 26 of its levels.
You also visited: Ice Cave and Volcano.

You collected 2794 gold pieces.
You spent 1359 gold pieces at shops.

Inventory:

Hand Weapons
 i - a +2 short sword of holy wrath
 j - a +1 short sword of electrocution (weapon)
 K - a +0 blowgun
Missiles
 u - 5 throwing nets (quivered)
 B - 7 needles of frenzy
 C - 6 needles of paralysis
Armour
 b - the +2 robe of Bycsiete (worn) {rElec rPois rC- Dex-3}
   (You bought it in a shop on level 10 of the Dungeon)

   It affects your dexterity (-3).
   It makes you vulnerable to cold.
   It insulates you from electricity.
   It protects you from poison.
 f - a +2 hat (worn)
 G - a +2 cloak (worn)
Magical Staves
 V - an uncursed staff of energy
Jewellery
 q - an uncursed ring of fire
 I - the ring "Igitwu" (left hand) {+Fly rF++ MP+9 Str+3}
   (You bought it in a shop on level 9 of the Dungeon)

   [ring of flight]

   It affects your strength (+3).
   It greatly protects you from fire.
   It affects your magic capacity (+9).
   It lets you fly.
 P - an amulet of rage (around neck)
 Z - a ring of flight (right hand)
Wands
 n - a wand of acid (5/15)
 r - a wand of iceblast (1/15)
 s - a wand of disintegration (11/24)
 F - a wand of lightning (9/15)
 M - a wand of teleportation (6/9)
 U - a wand of iceblast (9/15)
Scrolls
 e - 11 scrolls of remove curse
 y - 4 scrolls of amnesia
 A - 4 scrolls of teleportation
 E - 2 scrolls of random uselessness
 H - 2 scrolls of fear
 N - 2 scrolls of enchant weapon
 Q - 2 scrolls of enchant armour
 T - 2 scrolls of magic mapping
 W - 2 scrolls of fog
 X - a scroll of identify
Potions
 g - 6 potions of resistance
 h - 2 potions of berserk rage
 k - 8 potions of flight
 l - a potion of cure mutation
 m - 2 potions of agility
 p - 12 potions of curing
 t - 2 potions of cancellation
 w - 4 potions of haste
 x - a potion of magic
 z - 7 potions of lignification
 D - 7 potions of brilliance
 J - 5 potions of might
 L - 3 potions of heal wounds
Books
 o - a book of the Sky

   Spells                             Type                      Level
   a - Summon Lightning Spire         Summoning/Air                4
   b - Airstrike                      Air                          4
   c - Silence                        Hexes/Air                    5
   d - Deflect Missiles               Charms/Air                   6
   e - Conjure Ball Lightning         Conjuration/Air              6
   f - Tornado                        Air                          9
 S - a book of Spatial Translocations

   Spells                             Type                      Level
   a - Apportation                    Translocation                1
   b - Blink                          Translocation                2
   c - Shroud of Golubria             Charms/Translocation         2
   d - Portal Projectile              Translocation                3
   e - Teleport Other                 Translocation                3
   f - Passage of Golubria            Translocation                4
Miscellaneous
 c - a sack of spiders
 O - a fan of gales
 Y - a box of beasts
Comestibles
 a - 7 royal jellies
 d - 6 bread rations
 v - 37 fruits


   Skills:
 + Level 8.8 Fighting
 + Level 11.1 Short Blades
 + Level 13.6 Dodging
 + Level 14.5 Stealth
 + Level 12.2 Spellcasting
 + Level 3.1 Conjurations
 * Level 16.2 Hexes
 + Level 1.9 Translocations
 - Level 6.2 Ice Magic
 * Level 7.6 Air Magic
 * Level 10.1 Invocations
 + Level 5.4 Evocations


You had 9 spell levels left.
You knew the following spells:

 Your Spells              Type           Power        Failure   Level  Hunger
b - Ensorcelled Hibernat  Hex/Ice        ######       1%          2    None
c - Confuse               Hex            ######..     1%          3    None
d - Tukima's Dance        Hex            ######..     1%          3    None
e - Dazzling Spray        Conj/Hex       ######       1%          3    None
f - Cause Fear            Hex            ######....   1%          4    None
g - Silence               Hex/Air        ######....   1%          5    ####...
h - Airstrike             Air            #####.....   1%          4    None
i - Summon Lightning Spi  Summ/Air       ####....     12%         4    None
j - Blink                 Tloc           N/A          4%          2    None


Dungeon Overview and Level Annotations

Branches:
Dungeon (15/15)            Temple (1/1) D:7            Lair (8/8) D:9
 Shoals (0/4) Lair:6        Snake (0/4) Lair:6        Slime (0/6) Lair:6
    Orc (2/2) D:9             Elf (0/3) Orc:2        Vaults (0/5) D:13
 Depths: D:15

Altars:
Ashenzari
Cheibriados
Dithmenos
Elyvilon
Fedhas
Gozag
Hepliaklqana
Kikubaaqudgha
Makhleb
Nemelex Xobeh
Okawaru
Pakellas
Qazlal
Ru
Sif Muna
Trog
Uskayaw
Vehumet
Xom
Yredelemnul
Zin
The Shining One
Beogh
Jiyva

Shops:
D:9 =   D:10 [   D:12 [%   Orc:2 ([!}[

Portals:
Trove: D:10 (give 11 potions of heal wounds)

Annotations:
D:15 Nessos


Innate Abilities, Weirdness & Mutations

You are tiny and cannot use many weapons and most armour.
You have supernaturally acute eyesight. (SInv)
You are a herbivore.
You cover ground extremely quickly.
You need consume almost no food.
You possess an exceptional clarity of mind.
Your flesh is cold resistant. (rC+)
Your magical capacity is low. (-10% MP)


Message History

Aiming: Summon Lightning Spire
Press: ? - help, Dir - move target cursor An electric hum fills the air.
You feel sick.
Nessos blinks!
Nessos shoots an arrow.
The arrow hits your lightning spire! The arrow burns your lightning spire.
The centaur warrior shoots an arrow.
The arrow hits your lightning spire!
Your lightning spire is destroyed!
You see here an ugly thing skeleton.
The sentinel's mark upon you fades away.
You see here an ugly thing skeleton.
You feel sick.
There is a stone staircase leading up here.
The centaur warrior shoots an arrow.
The arrow hits you!
* * * LOW HITPOINT WARNING * * *
The arrow burns you.
* * * LOW HITPOINT WARNING * * *
Nessos shoots an arrow.
The arrow hits you!
* * * LOW HITPOINT WARNING * * *
The arrow burns you.
You die...

.#.#.......#.####(....#....#.#.
................c.....##.#.#.#.#
##.######.§§c§..((....##.#. .#.#
#.........§§c§.########
#...#####c§§§§........
#.....((§§§###########
#...####§§§§....
#.#.############## #
#......c(.((÷÷@#
.........c(÷####.# #.#########.#
#.# #. #.# #.# # #.# #.# #.# #.#
#.# #.# #.# #.# #.####


You could see Nessos and a centaur warrior.

Vanquished Creatures
  Kirke (D:14)
  A tengu reaver (D:12)
  3 orc warlords
  Josephine (D:13)
  3 vault guards (D:13)
  9 hydras
  3 catoblepae
  3 centaur warriors
  A death knight (D:14)
  A tengu warrior (D:15)
  9 death yaks
  3 orc high priests (Orc:2)
  Nergalle (Orc:1)
  2 unseen horrors (D:12)
  A skeletal warrior (D:14)
  4 hill giants
  3 wizards (D:13)
  2 lindwurms
  4 orc sorcerers (Orc:2)
  6 orc knights
  2 necromancers (D:13)
  3 phantasmal warriors
  5 deep elf magi
  5 cyclopes
  7 griffons
  A manticore (Lair:6)
  12 ugly things
  3 centaur zombies
  14 black mambas
  Joseph (Lair:1)
  An ice statue (IceCv)
  A molten gargoyle (Volcano)
  15 elephants
  14 spiny frogs
  3 centaur skeletons
  4 gargoyles
  10 komodo dragons
  A freezing wraith (D:14)
  2 ice devils (D:12)
  4 rime drakes
  A redback zombie (D:14)
  A spriggan druid (Lair:8)
  9 trolls
  32 polar bears
  A queen bee (D:11)
  6 two-headed ogres
  2 tengu conjurers (D:14)
  A harpy skeleton (D:15)
  A slime creature (D:12)
  33 blink frogs
  A hornet zombie (D:11)
  A shadow (D:13)
  9 spriggans
  3 wyverns
  5 wraiths
  3 basilisks
  A redback (Lair:8)
  The ghost of BattleRest the Shield-Bearer, an amateur MiFi (D:3)
  2 fire elementals (Volcano)
  60 yaks
  15 humans
  3 fire bats (Lair:2)
  3 vampire mosquitoes (D:14)
  A hungry ghost (D:14)
  11 hippogriffs
  Edmund (D:5)
  6 wargs
  2 mottled dragons (D:12)
  13 water moccasins
  15 porcupines
  37 orc warriors
  5 ice beasts
  7 sky beasts
  2 wasps (Lair:8)
  A phantom (D:7)
  12 black bears
  2 eyes of draining
  34 wolves
  6 centaurs
  18 ogres
  12 crocodiles
  A big kobold (D:7)
  A gnoll sergeant (D:8)
  16 giant frogs
  A wyvern zombie (D:15)
  A wyvern skeleton (D:10)
  7 scorpions
  29 killer bees
  6 wights
  5 howler monkeys
  2 electric eels
  10 crimson imps
  A giant frog zombie (D:12)
  5 jellies
  A quasit (D:6)
  10 hounds
  A gnoll shaman (D:4)
  11 orc priests
  8 giant frog skeletons
  6 iguanas
  27 orc wizards
  7 worker ants
  24 sheep
  3 worker ant zombies
  22 gnolls
  56 river rats
  20 adders
  2 howler monkey skeletons
  A shadow imp (D:12)
  3 oozes
  2 worms (D:2)
  A dart slug (D:1)
  3 giant geckos
  100 orcs
  2 ball pythons
  14 bats
  7 giant cockroaches
  7 hobgoblins
  10 jackals
  4 quokkas
  A giant gecko skeleton (D:6)
  4 giant newts
  2 goblins
  6 kobolds
  9 rats
  2 butterflies
  A fire vortex (Volcano)
  3 fungi
1013 creatures vanquished.

Vanquished Creatures (collateral kills)
  A hill giant (D:15)
  An ugly thing (D:14)
  A polar bear (Lair:8)
  A redback (Lair:8)
  3 spriggans (Lair:8)
  A vampire mosquito (D:14)
  A wasp (Lair:8)
9 creatures vanquished.

Vanquished Creatures (others)
  3 humans (D:14)
  A scorpion (D:14)
  2 wights (D:14)
  An orc priest (Orc:2)
  A bush (Lair:8)
  91 fungi
  27 plants
126 creatures vanquished.

Grand Total: 1148 creatures vanquished

Notes
Turn   | Place    | Note
--------------------------------------------------------------
     0 | D:1      | epen the Spriggan Enchanter began the quest for the Orb.
     0 | D:1      | Reached XP level 1. HP: 9/9 MP: 5/5
   161 | D:1      | Reached skill level 4 in Hexes
   164 | D:1      | Reached XP level 2. HP: 8/13 MP: 3/6
   298 | D:1      | Learned a level 2 spell: Ensorcelled Hibernation
   434 | D:1      | Reached XP level 3. HP: 4/17 MP: 2/8
   439 | D:1      | Learned a level 3 spell: Confuse
  1022 | D:2      | Reached XP level 4. HP: 21/21 MP: 5/9
  1029 | D:2      | Learned a level 3 spell: Tukima's Dance
  1233 | D:2      | Reached skill level 5 in Stealth
  1269 | D:2      | Reached skill level 1 in Fighting
  1429 | D:2      | Reached skill level 5 in Hexes
  1638 | D:3      | Noticed BattleRest's ghost (amateur MiFi)
  1858 | D:3      | Reached XP level 5. HP: 19/25 MP: 4/10
  2050 | D:3      | Killed BattleRest's ghost
  2050 | D:3      | Reached XP level 6. HP: 2/30 MP: 2/12
  2329 | D:3      | Learned a level 3 spell: Dazzling Spray
  2517 | D:3      | Found an iron altar of Okawaru.
  3541 | D:4      | Reached skill level 5 in Dodging
  3602 | D:4      | Reached skill level 6 in Hexes
  3826 | D:4      | Reached XP level 7. HP: 19/34 MP: 11/14
  4410 | D:4      | Found a hide-covered altar of Uskayaw.
  4826 | D:5      | Entered Level 5 of the Dungeon
  5423 | D:5      | Noticed Edmund
  5625 | D:5      | Reached skill level 7 in Hexes
  5649 | D:5      | Reached XP level 8. HP: 38/39 MP: 10/16
  6138 | D:5      | Killed Edmund
  6138 | D:5      | Reached skill level 5 in Spellcasting
  6578 | D:6      | Found a sparkling altar of Nemelex Xobeh.
  6578 | D:6      | Found a shattered altar of Ashenzari.
  6618 | D:6      | Reached skill level 8 in Hexes
  6782 | D:6      | Found a deep blue altar of Sif Muna.
  6782 | D:6      | Found an ancient bone altar of Kikubaaqudgha.
  6783 | D:6      | Found a radiant altar of Vehumet.
  6822 | D:6      | Got a polished whip
  7007 | D:6      | Lost strength.
  7007 | D:6      | Identified the +6 whip of Dishonour {flame, *Drain rElec Str-5 Dex+9} (You found it on level 6 of the Dungeon)
  7644 | D:6      | Reached XP level 9. HP: 44/44 MP: 6/18
  7650 | D:6      | Learned a level 4 spell: Cause Fear
  7858 | D:6      | Identified Vehumet's Grimoire of Battle Magic
  8499 | D:7      | Found an oddly glowing altar of Pakellas.
  9030 | D:7      | Reached skill level 5 in Short Blades
  9030 | D:7      | Reached skill level 9 in Hexes
  9401 | D:7      | Found a staircase to the Ecumenical Temple.
  9412 | Temple   | Entered the Ecumenical Temple
  9416 | Temple   | Became a worshipper of Dithmenos the Shadowed
  9472 | D:7      | Found a glowing silver altar of Zin.
  9473 | D:7      | Noticed an angel
 10168 | D:8      | Reached skill level 1 in Ice Magic
 10171 | D:8      | Found a sacrificial altar of Ru.
 10331 | D:8      | Reached * piety under Dithmenos
 10600 | D:9      | Found Dexkiery's Jewellery Shoppe.
 10608 | D:8      | Reached skill level 10 in Hexes
 10692 | D:9      | Found a snail-covered altar of Cheibriados.
 10737 | D:9      | Reached XP level 10. HP: 50/50 MP: 16/21
 10862 | D:9      | Found a shimmering altar of Xom.
 10907 | D:9      | Got a transparent trident
 10955 | D:9      | Identified a +0 rod of clouds (14/14) (You found it on level 9 of the Dungeon)
 10978 | D:9      | Found a staircase to the Lair.
 11671 | D:9      | Reached ** piety under Dithmenos
 11873 | D:9      | Found a staircase to the Orcish Mines.
 12299 | D:10     | Entered Level 10 of the Dungeon
 12336 | D:10     | Noticed a hill giant
 12350 | D:10     | Killed a hill giant
 12595 | D:10     | Reached skill level 10 in Stealth
 12644 | D:10     | Reached skill level 5 in Fighting
 12722 | D:10     | Found a portal to a secret trove of treasure.
 12850 | D:10     | Reached skill level 11 in Hexes
 13081 | D:10     | Found Sixurooxay's Antique Armour Emporium.
 13138 | D:9      | Bought the ring "Igitwu" {+Fly rF++ MP+9 Str+3} for 579 gold pieces
 13164 | D:10     | Reached *** piety under Dithmenos
 13265 | Lair:1   | Entered Level 1 of the Lair of Beasts
 13284 | Lair:1   | Reached XP level 11. HP: 55/55 MP: 23/23
 13287 | Lair:1   | Noticed Joseph
 13296 | Lair:1   | Killed Joseph
 13566 | Lair:1   | Reached skill level 10 in Dodging
 13681 | Lair:1   | Noticed a five-headed hydra
 13689 | Lair:1   | Killed a five-headed hydra
 14417 | Lair:2   | Found a dark tunnel.
 14503 | Volcano  | Entered a volcano
 14638 | Volcano  | Noticed a lindwurm
 14646 | Volcano  | Killed a lindwurm
 14723 | Volcano  | Reached skill level 12 in Hexes
 15154 | D:10     | Bought an ominously black robe for 136 gold pieces
 15164 | D:10     | Identified the +2 robe of Bycsiete {rElec rPois rC- Dex-3} (You bought it in a shop on level 10 of the Dungeon)
 15255 | Lair:2   | Reached **** piety under Dithmenos
 15854 | Lair:3   | Reached skill level 1 in Invocations
 15864 | Lair:3   | Reached XP level 12. HP: 61/61 MP: 26/26
 16033 | Lair:3   | Noticed a death yak
 16036 | Lair:3   | Noticed a death yak
 16048 | Lair:3   | Noticed a death yak
 16099 | Lair:3   | Killed a death yak
 16595 | Lair:3   | Learned a level 5 spell: Silence
 16763 | Lair:3   | HP: 3/61 [death yak (19)]
 17260 | Lair:3   | Killed a death yak
 17524 | Lair:3   | Killed a death yak
 17884 | Lair:3   | Reached skill level 1 in Air Magic
 18173 | Lair:4   | Noticed a death yak
 18173 | Lair:4   | Noticed a death yak
 18174 | Lair:4   | Noticed a death yak
 18230 | Lair:4   | Reached skill level 13 in Hexes
 18490 | Lair:3   | HP: 3/62 [death yak (19)]
 18500 | Lair:3   | Killed a death yak
 18500 | Lair:3   | Reached skill level 5 in Ice Magic
 19045 | Lair:4   | Killed a death yak
 19045 | Lair:4   | Reached skill level 10 in Spellcasting
 19898 | Lair:4   | Killed a death yak
 19898 | Lair:4   | Reached XP level 13. HP: 53/66 MP: 20/28
 19968 | Lair:4   | Reached ***** piety under Dithmenos
 20225 | Lair:4   | Reached skill level 5 in Invocations
 21913 | Lair:6   | Found a viscous altar of Jiyva.
 21914 | Lair:6   | Found a staircase to the Slime Pits.
 22034 | Lair:6   | Reached skill level 14 in Hexes
 22419 | Lair:6   | Upgraded the game from 0.19-a0-450-g98b348d to 0.19-a0-459-gb8ed64d
 22735 | Lair:6   | Found a staircase to the Snake Pit.
 22799 | Lair:6   | Found a staircase to the Shoals.
 23197 | Lair:5   | Reached XP level 14. HP: 67/72 MP: 2/29
 24305 | Lair:7   | Learned a level 4 spell: Airstrike
 24854 | Lair:8   | Entered Level 8 of the Lair of Beasts
 25081 | Lair:8   | Reached ****** piety under Dithmenos
 26383 | Lair:8   | Learned a level 4 spell: Summon Lightning Spire
 27727 | Lair:8   | Reached skill level 10 in Short Blades
 27749 | Lair:8   | Reached skill level 5 in Air Magic
 28363 | D:11     | Found a shimmering altar of Xom.
 28828 | D:11     | Reached skill level 15 in Hexes
 29002 | D:11     | Reached skill level 1 in Conjurations
 29428 | D:11     | Reached skill level 1 in Evocations
 29761 | D:12     | Found Goxicig's Food Shop.
 29788 | D:12     | Reached XP level 15. HP: 67/77 MP: 28/31
 29894 | D:12     | Found a frozen archway.
 29905 | IceCv    | Entered an ice cave
 31298 | IceCv    | Noticed a frost giant
 32304 | D:12     | Found Sietunuf's Armour Boutique.
 32389 | D:12     | Found a basalt altar of Yredelemnul.
 32559 | D:12     | Noticed a tengu reaver
 32571 | D:12     | Killed a tengu reaver
 32600 | D:12     | Got a fine long sword
 33586 | Orc:1    | Entered Level 1 of the Orcish Mines
 33730 | Orc:1    | Noticed Nergalle
 33744 | Orc:1    | Killed Nergalle
 33918 | Orc:2    | Entered Level 2 of the Orcish Mines
 33918 | Orc:2    | Found Jifed's Antique Armour Shoppe.
 33918 | Orc:2    | Found a roughly hewn altar of Beogh.
 33925 | Orc:2    | Bought a glowing hat for 112 gold pieces
 34016 | Orc:2    | Noticed an orc warlord
 34037 | Orc:2    | Noticed an orc warlord
 34935 | Orc:2    | Noticed an orc warlord
 35051 | Orc:1    | Killed an orc warlord
 35297 | Orc:2    | Killed an orc warlord
 35446 | Orc:2    | Killed an orc warlord
 35900 | Orc:2    | Found a staircase to the Elven Halls.
 36035 | Orc:2    | Found Meur's Antique Weapon Boutique.
 36373 | Orc:2    | Found Ycvatoh's Gadget Shoppe.
 36382 | Orc:2    | Found Kileun's Distillery.
 36388 | Orc:2    | Found Zakak's Antique Armour Boutique.
 36436 | Orc:2    | Bought a potion of magic for 112 gold pieces
 36436 | Orc:2    | Bought a potion of heal wounds for 70 gold pieces
 36436 | Orc:2    | Bought a potion of curing for 42 gold pieces
 36436 | Orc:2    | Bought a potion of curing for 42 gold pieces
 36436 | Orc:2    | Bought a potion of curing for 42 gold pieces
 36436 | Orc:2    | Bought a potion of resistance for 140 gold pieces
 36436 | Orc:2    | Bought a potion of curing for 42 gold pieces
 36436 | Orc:2    | Bought a potion of curing for 42 gold pieces
 37071 | D:13     | Noticed Josephine
 37135 | D:13     | Killed Josephine
 37682 | D:13     | Reached XP level 16. HP: 77/82 MP: 12/33
 37954 | D:13     | Found a gate to the Vaults.
 38554 | D:14     | Reached skill level 16 in Hexes
 38622 | D:14     | Gained mutation: Your flesh is cold resistant. (rC+) [potion of mutation]
 38622 | D:14     | Gained mutation: You possess an exceptional clarity of mind. [potion of mutation]
 38622 | D:14     | Gained mutation: Your magical capacity is low. (-10% MP) [potion of mutation]
 38677 | D:14     | Learned a level 2 spell: Blink
 38873 | D:14     | Reached skill level 1 in Translocations
 39206 | D:14     | Noticed Kirke
 39229 | D:14     | Killed Kirke
 39542 | D:14     | Reached skill level 5 in Evocations
 39550 | D:14     | Reached skill level 10 in Invocations
 40137 | D:15     | Entered Level 15 of the Dungeon
 40474 | D:15     | Noticed Nessos
 40533 | D:15     | HP: 1/83 [Nessos/arrow (17)]
 40533 | D:15     | Shot with an arrow by Nessos

Vault maps used:
D:1:      wheals_arrival_shading
D:2:      corner_web_ring, minmay_quantized
D:3:      okawaru_trees_2
D:4:      overflow_temple_1_default, serial_co_window_serial,
          co_window_corner_a, co_window_corner_a, co_window_corner_a,
          co_window_corner_a, co_window_paths_b, co_window_unsneaky_path_d,
          co_window_of_opportunity_b, co_window_of_opportunity_c,
          co_window_broadway_b, co_window_unsneaky_path_c, co_window_broadway_b,
          co_window_4corner_a, glass_columns_b
D:5:      first_bread, uniq_edmund
D:6:      grunt_temple_overflow_magic_moments, gammafunk_temple_overflow_wave
D:7:      lemuel_round_altar, zin_angel, minmay_temple_entry_statues_pillars,
          the_bakery
D:8:      nicolae_ru_sacrificial_ziggurat
D:9:      lemuel_round_altar, due_lair_maze_entry_diamond, hiddenorc2_lemuel,
          serial_shops, nicolae_shop_statue_plus, serial_column_ruins,
          column_ruins_columns_straight, column_ruins_corridor_dead_end,
          column_ruins_corridor_corner, column_ruins_grid_1,
          column_ruins_corridor_plus, column_ruins_corridor_dead_end,
          basic_altar
D:10:     trove_entry_hex_spiral, serial_shops, nicolae_shop_overgrown_old_shop
D:11:     basic_altar, minivault_7
D:12:     evilmike_diamond_1, portal_ice_cave_demonic_guard, serial_shops,
          nicolae_shop_window_shopping, shop, yredelemnul_altar_generic
D:13:     grunt_vaults_entry_tiered, kennysheep_potato, uniq_josephine
D:14:     minmay_strange_pillars, minmay_misc_feat_square, minmay_misc_feat_iff,
          uniq_kirke
D:15:     hangedman_depths_entry_try_elsewhere_first, uniq_nessos
Temple:   minmay_freezing_vapour_temple_12
Lair:1:   grunt_megastairs_3, serial_bayou_shore_a, lemuel_fruit_fields,
          uniq_joseph
Lair:2:   nicolae_volcano_entry_batcave, grunt_megastairs_1
Lair:4:   nicolae_lair_grove_arrangements
Lair:5:   minivault_19, beast_lair_carwin_6, serial_bayou_shore_b,
          lemuel_fruit_tree
Lair:6:   minmay_shoals_entry_beasts, dummy_snake_entry, slime_altar_1,
          grunt_forest_large_clearings
Lair:7:   beast_lair_carwin_2, lemuel_fruit_fields, infiniplex_staircase_pool_2
Lair:8:   minmay_lair_end_enchanted_forest
Orc:1:    uniq_nergalle
Orc:2:    st_orc_elflike, serial_shops, shop, basic_altar
IceCv:    ice_cave_small_giant
Volcano:  volcano_aerie

Skill      XL: |  1  2  3  4  5  6  7  8  9 10 11 12 13 14 15 16 |
---------------+-------------------------------------------------+-----
Hexes          | 4 5 6 7 8 10 11 12 13 14 15 16 | 16.2
Spellcasting   | 3 4 5 6 7 9 10 11 12 | 12.2
Stealth        | 5 6 7 9 10 11 12 13 14 | 14.5
Fighting       | 1 2 3 4 5 6 7 8 |  8.8
Dodging        | 4 5 6 7 8 9 10 11 12 13 | 13.6
Short Blades   | 2 3 4 5 6 7 8 9 10 11 | 11.1
Ice Magic      | 1 3 4 5 6 |  6.2
Invocations    | 1 4 6 8 9 10 | 10.1
Air Magic      | 2 3 5 6 7 |  7.6
Conjurations   | 1 2 3 |  3.1
Evocations     | 1 4 5 |  5.4
Translocations | 1 |  1.9

Action                   |  1- 3 |  4- 6 |  7- 9 | 10-12 | 13-15 | 16-18 || total
-------------------------+-------+-------+-------+-------+-------+-------++-------
Melee: Dagger            |    95 |   252 |   447 |   255 |       |       ||  1049
       Short sword       |       |       |   213 |   596 |  1050 |   271 ||  2130
 Cast: Corona            |     6 |     1 |     1 |       |       |       ||     8
       Ensorcelled Hiber |     2 |    14 |    11 |    68 |   242 |    21 ||   358
       Confuse           |     3 |    26 |    81 |    63 |   113 |    52 ||   338
       Dazzling Spray    |       |       |    15 |   115 |   247 |    21 ||   398
       Cause Fear        |       |       |     2 |       |     2 |       ||     4
       Summon Lightning  |       |       |       |       |    30 |     8 ||    38
       Airstrike         |       |       |       |       |    15 |     2 ||    17
       Silence           |       |       |       |       |     1 |       ||     1
 Abil: Evoke Flight      |       |       |       |     1 |       |       ||     1
Evoke: Wand              |       |       |       |       |     1 |       ||     1
  Use: Scroll            |       |       |    16 |     7 |     9 |     4 ||    36
       Potion            |       |       |     1 |     1 |     3 |     1 ||     6
 Stab: Sleeping          |    12 |    17 |    33 |    94 |   264 |    30 ||   450
       Confused          |     2 |    18 |    66 |    32 |    78 |    42 ||   238
       Invisible         |       |       |     8 |    20 |    60 |     1 ||    89
       Distracted        |       |       |     1 |     2 |     3 |     2 ||     8
       Fleeing           |       |       |       |       |     1 |       ||     1
  Eat: Pizza             |       |     1 |     1 |       |       |       ||     2
       Bread ration      |       |     1 |     1 |     2 |     3 |       ||     7
       Fruit             |       |       |     1 |       |     3 |       ||     4
Armor: Robe              |    16 |    18 |    23 |    26 |    36 |     8 ||   127
Dodge: Dodged            |    88 |   158 |   338 |   629 |   849 |   152 ||  2214
